 Dungeon Crawl Stone Soup version 0.22.1-1-ga44c0e5 (webtiles) character file.

1787 niblik the Spear-Bearer (level 9, -2/61 HPs)
             Began as an Octopode Fighter on Oct 30, 2018.
             Was a Follower of Makhleb.
             Slain by a hippogriff (5 damage)
             ... on level 7 of the Dungeon.
             The game lasted 00:10:42 (6199 turns).

niblik the Spear-Bearer (Octopode Fighter)          Turns: 6199, Time: 00:10:43

Health: -2/61      AC:  1    Str: 15    XL:     9   Next: 8%
Magic:  9/9        EV: 14    Int: 10    God:    Makhleb [*.....]
Gold:   438        SH: 15    Dex: 15    Spells: 8/8 levels left

rFire    . . .     SeeInvis .   a - +1 trident
rCold    . . .     Gourm    .   b - +0 shield
rNeg     . . .     Faith    .   (helmet restricted)
rPois    .         Spirit   .   l - +5 amulet of reflection
rElec    .         Reflect  +   u - ring of flight
rCorr    .         Harm     .   (no ring)
MR       .....                  (no ring)
Stlth    +++.......             (no ring)
HPRegen  0.20/turn              (no ring)
MPRegen  0.11/turn              (no ring)
                                (no ring)
                                (no ring)

@: no status effects
A: almost no armour, stealthy swim, amphibious, 8 rings, constrict 8, camouflage
1, gelatinous body 1
a: Renounce Religion, Evoke Flight


You were on level 7 of the Dungeon.
You worshipped Makhleb.
Makhleb was aware of your devotion.
You were not hungry.

You visited 1 branch of the dungeon, and saw 7 of its levels.

You collected 438 gold pieces.

Inventory:

Hand Weapons
 a - a +1 trident (weapon)
Missiles
 c - 7 needles of paralysis
Armour
 b - a +0 shield (worn)
Jewellery
 j - an uncursed ring of fire
 l - a +5 amulet of reflection (around mantle)
 u - a ring of flight (left tentacle)
Wands
 t - a wand of enslavement (9)
Scrolls
 e - 4 scrolls of teleportation
 f - 2 scrolls of identify
 h - 2 scrolls of amnesia
 m - 8 scrolls of remove curse
 o - a scroll of magic mapping {unknown}
 p - 2 scrolls of enchant armour
 w - a scroll of fear
 y - 2 scrolls of fog {unknown}
Potions
 g - a potion of heal wounds
 i - 5 potions of curing
 k - a potion of haste {unknown}
 n - a potion of invisibility {unknown}
 q - a potion of berserk rage {unknown}
 r - 2 potions of brilliance
 s - 2 potions of agility {unknown}
 v - a potion of ambrosia {unknown}
 A - a potion of degeneration {unknown}
 B - a potion of might
Comestibles
 d - 17 rations
 x - 3 chunks of flesh


   Skills:
 + Level 5.1 Fighting
 + Level 8.2 Polearms
 + Level 4.7 Dodging
 - Level 2.4 Stealth
 + Level 6.4 Shields


You had 8 spell levels left.
You didn't know any spells.
Your spell library was empty.

Dungeon Overview and Level Annotations

Branches:
Dungeon (7/15)             Temple (0/1) D:5

Altars:
Ashenzari
Dithmenos
Fedhas
Hepliaklqana
Makhleb
Qazlal
Sif Muna
Trog
Vehumet

Shops:
D:5 :

Annotations:
D:3 exclusion: downstairs
D:6 exclusion: downstairs


Innate Abilities, Weirdness & Mutations

You cannot wear most types of armour.
You are very stealthy in the water. (Stealth+)
You are amphibious.
You can wear up to eight rings at the same time.
You can use your tentacles to constrict eight enemies at once.
Your skin changes colour to match your surroundings (Stealth+).
Your rubbery body absorbs attacks. (AC +1, EV +1)


Message History

The hippogriff bites you. The hippogriff pecks you. The hippogriff claws you.
You block the orc wizard's attack.
You are too injured to fight recklessly!
You are too injured to fight recklessly!
You are too injured to fight recklessly!
You are too injured to fight recklessly!
You hit the hippogriff.
The hippogriff is heavily wounded.
The hippogriff bites you!
* * * LOW HITPOINT WARNING * * *
You block the hippogriff's attack. The hippogriff completely misses you.
The orc wizard misses you.
The leopard gecko hisses angrily.
You puncture the hippogriff!
The hippogriff is severely wounded.
The orc wizard casts a spell at you. The magic dart hits you!
* * * LOW HITPOINT WARNING * * *
You block the hippogriff's attack. The hippogriff pecks you.
You die...

## l..
#.# #.#
# #.#
#.#r#
#.#o####
#...@H.#
###.##.#
#.# # #
#.# .
###.##.#
.
#....(.#
#.#.####
#.#.#
#.#..


You could see a hippogriff, an orc wizard, a leopard gecko and a quokka.

Vanquished Creatures
  Grinder (D:3)
  Duvessa (D:4)
  An ice beast (D:6)
  An orc warrior (D:7)
  A phantom (D:5)
  3 centaurs
  A bullfrog (D:6)
  Dowan (D:4)
  3 wights (D:6)
  A howler monkey (D:6)
  2 crimson imps
  An orc priest (D:7)
  4 hounds
  A jelly (D:6)
  3 orc wizards
  4 worker ants
  A killer bee zombie (D:5)
  A hound zombie (D:6)
  A hound skeleton (D:4)
  4 gnolls (D:6)
  6 adders
  An ooze (D:3)
  An adder skeleton (D:7)
  3 worms
  3 dart slugs
  2 leopard geckos
  20 orcs
  A ball python (D:3)
  8 bats
  4 giant cockroaches
  2 goblins
  4 hobgoblins
  2 jackals (D:4)
  3 quokkas
  4 frilled lizards
  2 giant cockroach zombies
  6 kobolds
  A leopard gecko zombie (D:6)
  6 rats
115 creatures vanquished.

Notes
Turn   | Place    | Note
-------+----------+-------------------------------------------
     0 | D:1      | niblik the Octopode Fighter began the quest for the Orb.
     0 | D:1      | Reached XP level 1. HP: 16/16 MP: 1/1
   326 | D:1      | Reached XP level 2. HP: 21/21 MP: 2/2
   888 | D:2      | Reached skill level 1 in Stealth
   899 | D:2      | Reached XP level 3. HP: 25/26 MP: 3/3
  1031 | D:2      | Reached XP level 4. HP: 31/31 MP: 4/4
  1152 | D:2      | Found a stormy altar of Qazlal.
  1163 | D:2      | Reached skill level 3 in Polearms
  1847 | D:3      | Reached XP level 5. HP: 36/36 MP: 5/5
  2142 | D:3      | Noticed Grinder
  2157 | D:3      | Killed Grinder
  2157 | D:3      | Reached skill level 4 in Polearms
  2157 | D:3      | Reached XP level 6. HP: 39/43 MP: 6/6
  2321 | D:4      | Noticed Dowan
  2337 | D:4      | Noticed Duvessa
  2349 | D:4      | Killed Duvessa
  2349 | D:4      | Reached XP level 7. HP: 18/48 MP: 7/7
  2352 | D:4      | Killed Dowan
  2352 | D:4      | Reached skill level 5 in Polearms
  2606 | D:4      | Found a burning altar of Makhleb.
  2608 | D:4      | Found a bloodstained altar of Trog.
  2609 | D:4      | Found a blossoming altar of Fedhas.
  2612 | D:4      | Became a worshipper of Makhleb the Destroyer
  2722 | D:4      | Found a hazy altar of Hepliaklqana.
  2903 | D:4      | Found a shadowy altar of Dithmenos.
  2931 | D:4      | Found a shattered altar of Ashenzari.
  3106 | D:5      | Entered Level 5 of the Dungeon
  3599 | D:5      | Found Igruof's Book Boutique.
  3662 | D:5      | Reached skill level 5 in Shields
  3679 | D:5      | Reached skill level 6 in Polearms
  3710 | D:5      | Found a staircase to the Ecumenical Temple.
  3750 | D:5      | Found a deep blue altar of Sif Muna.
  3765 | D:5      | Reached XP level 8. HP: 43/54 MP: 8/8
  3941 | D:5      | Found a radiant altar of Vehumet.
  4822 | D:6      | Reached skill level 7 in Polearms
  4826 | D:6      | Reached * piety under Makhleb
  5302 | D:6      | Reached skill level 5 in Fighting
  5842 | D:6      | Reached skill level 8 in Polearms
  5842 | D:6      | Reached XP level 9. HP: 25/61 MP: 9/9
  6199 | D:7      | HP: 3/61 [orc wizard/magic dart (12)]
  6199 | D:7      | Slain by a hippogriff

Skill      XL: |  1  2  3  4  5  6  7  8 |
---------------+-------------------------+-----
Stealth        | 1 2 |  2.4
Polearms       | 3 4 6 8 |  8.2
Shields        | 4 5 6 |  6.4
Fighting       | 4 5 |  5.1
Dodging        | 4 |  4.7

Action                   |  1- 3 |  4- 6 |  7- 9 || total
-------------------------+-------+-------+-------++-------
Melee: Trident           |    56 |    85 |   199 ||   340
       Constrict         |    11 |    16 |    31 ||    58
       Tentacles         |     8 |    12 |    44 ||    64
  Use: Scroll            |       |     2 |     8 ||    10
       Potion            |       |     2 |       ||     2
 Stab: Sleeping          |     6 |    10 |     9 ||    25
  Eat: Chunk             |       |     4 |    13 ||    17
Armor: Skin              |     2 |     1 |     3 ||     6
Dodge: Dodged            |    19 |    16 |    38 ||    73
Block: Shield            |    20 |    44 |   113 ||   177
       Reflection        |     2 |     3 |     4 ||     9
